 Dungeon Crawl Stone Soup version 0.28-a0-384-g9e0c098162 (webtiles) character file.

Game seed: 5299500987799835940

9 Torax the Firebug (level 2, 0/16 HPs)
             Began as a Spriggan Cinder Acolyte on Sept 2, 2021.
             Was a High Priest of Ignis.
             Slain by a kobold (5 damage)
             ... on level 1 of the Dungeon.
             The game lasted 00:00:42 (412 turns).

Torax the Firebug (Spriggan Cinder Acolyte)          Turns: 412, Time: 00:00:43

Health: 0/16       AC:  2    Str: 10    XL:     2   Next: 3%
Magic:  5/5        EV: 15    Int: 15    God:    Ignis [*****.]
Gold:   0          SH:  0    Dex: 10    Spells: 3/3 levels left

rFire   + . .      SeeInvis +   a - -1 spear (flame)
rCold   . . .      Faith    .   (shield restricted)
rNeg    . . .      Spirit   .   b - +0 robe
rPois   .          Reflect  .   (helmet restricted)
rElec   .          Harm     .   (no cloak)
rCorr   .          Rampage  .   (gloves unavailable)
Will    .....                   (boots unavailable)
Stlth   +.........              (no amulet)
HPRegen 0.05/turn               (no ring)
MPRegen 0.09/turn               (no ring)

@: very quick
A: very small, no large weapons, unfitting armour, see invisible, speed 3
a: Renounce Religion, Sea of Fire, Foxfire Swarm, Rising Flame


You were on level 1 of the Dungeon.
You worshipped Ignis.
Ignis was extremely pleased with you.
You visited 1 branch of the dungeon, and saw 1 of its levels.

Inventory:

Hand Weapons
 a - a -1 spear of flaming (weapon)
Armour
 b - a +0 robe (worn)


   Skills:
 - Level 2.4 Fighting
 - Level 2.1 Polearms
 - Level 1.3 Spellcasting
 + Level 3.0 Fire Magic


You had 3 spell levels left.
You didn't know any spells.
Your spell library contained the following spells:

 Spells                   Type           Power      Damage    Failure   Level
 Scorch                   Fire           20%        2d6       11%         2


Dungeon Overview and Level Annotations

Branches:
Dungeon (1/15)

Altars:


Innate Abilities, Weirdness & Mutations

You are very small and have problems with some larger weapons.
You are too small for most types of armour.
You have supernaturally acute eyesight. (SInv)
You cover ground extremely quickly. (Speed+++)


Message History

You add the spell Scorch to your library.
Welcome, Torax the Spriggan Cinder Acolyte.
It is said that the Orb of Zot exists deep within this dungeon.
The flames of Ignis gently warm you.
Press ? for a list of commands and other information.
Found an escape hatch in the floor.
Found a staircase leading out of the dungeon.
You don't know any spells.
Unknown command.
Okay, then.
Found a stone staircase leading down.
There is a stone staircase leading down here.
An endoplasm comes into view.
You don't know any spells.
Unknown command.
You don't know any spells.
Unknown command.
A dart slug comes into view.
A bat and an endoplasm come into view.
The endoplasm quivers.
You reach to attack!
You hit the endoplasm but do no damage. The bat hits you.
You reach to attack!
You hit the endoplasm. You burn the endoplasm.
You kill the endoplasm!
You miss the bat. The bat misses you.
You hit the bat. You burn the bat.
You kill the bat!
You see here a bat corpse.
You reach to attack!
You hit the dart slug. You burn the dart slug.
The dart slug is heavily wounded.
The dart slug launches a dart at you. The slug dart hits you.
You reach to attack!
You hit the dart slug. You burn the dart slug.
The dart slug is severely wounded.
You reach to attack!
You hit the dart slug. You burn the dart slug.
You kill the dart slug!
You reach to attack!
You hit the endoplasm but do no damage. You hit the endoplasm.
You burn the endoplasm.
You kill the endoplasm!
No target in view!
Key pressed, stopping explore.
Fires begin to smoulder around you!
The fire ignites! x37
Really walk into that cloud of flame?
You are engulfed in blazing flames.
You resist.
Ouch! That really hurt!
* * * LOW HITPOINT WARNING * * *
You see here a bat corpse.
You start resting.
HP restored.
Clearing quiver.
Unknown command.
A kobold comes into view. It is wielding a +0 whip.
The kobold shouts!
An endoplasm comes into view.
The kobold throws a stone.
The stone hits you.
You see here a sapphire potion.
You start resting.
An endoplasm is nearby!
The endoplasm quivers.
The kobold throws a stone.
The stone barely misses you.
A quokka comes into view.
The kobold throws a stone.
The stone barely misses you.
You hit the endoplasm but do no damage.
The kobold throws a stone.
The stone completely misses you. The endoplasm freezes you.
You are frozen.
You hit the endoplasm. You burn the endoplasm.
You kill the endoplasm!
You reach to attack!
You hit the quokka. You burn the quokka.
The quokka is almost dead.
You hit the quokka. You burn the quokka.
You kill the quokka!
The kobold throws a stone.
The stone barely misses you.
Your Fire Magic skill increases to level 3!
You have reached level 2!
You reach to attack!
You closely miss the kobold. You closely miss the kobold.
The kobold barely misses you.
You barely miss the kobold. The kobold barely misses you.
You completely miss the kobold. The kobold hits you with a +0 whip.
You hit the kobold but do no damage. The kobold hits you with a +0 whip.
You barely miss the kobold. The kobold misses you.
You closely miss the kobold. The kobold hits you with a +0 whip.
You miss the kobold. The kobold hits you with a +0 whip.
You die...

#.........# #.........#
#.........###
#...........#
#####...........#
#................
#.......†........
#......@K........ ######
#.....!.......... #.....
#...............###.###.
########.######.........
#..÷.# #######.#. ####.#
#......#.
#######.####.######.
...).........>....#.
######......#####.#.


You could see a kobold.

Vanquished Creatures
  A dart slug (D:1)
  3 endoplasms (D:1)
  A quokka (D:1)
  A bat (D:1)
6 creatures vanquished.

Notes
Turn   | Place    | Note
-------+----------+-------------------------------------------
     0 | D:1      | Torax the Spriggan Cinder Acolyte began the quest for the
                  | Orb.
     0 | D:1      | Reached XP level 1. HP: 11/11 MP: 3/3
    65 | D:1      | HP: 1/11 [cloud of flame (7)]
   405 | D:1      | Reached skill level 3 in Fire Magic
   405 | D:1      | Reached XP level 2. HP: 12/16 MP: 5/5
   412 | D:1      | Slain by a kobold

Illustrated notes

Levels and vault maps discovered:
D:1:      wander_arrival_desolate, layout_basic

Skill      XL: |  1 |
---------------+----+-----
Fire Magic     | 3 |  3.0
Fighting       | |  2.4
Polearms       | |  2.1
Spellcasting   | |  1.3

Action                   || total
-------------------------++-------
Melee: Spear             ||    21
Invok: Sea of Fire       ||     1
Dodge: Dodged            ||     8

Table legend: (Time is in decaauts)
 A = Elapsed time spent in this place.
 B = Non-inter-level travel time spent in this place.
 C = Inter-level travel time spent in this place.
 D = Time resting spent in this place.
 E = Time spent auto-exploring this place.
 F = Levels seen in this place.
 G = Mean time per level.
                   A        B        C        D        E       F      G
               +--------+--------+--------+--------+--------+-----+--------+
         Total |    385 |    385 |      0 |    323 |     28 |   1 |  385.0 |
       Dungeon |    385 |    385 |      0 |    323 |     28 |   1 |  385.0 |
               +--------+--------+--------+--------+--------+-----+--------+

Top non-repeatable levels by time:
     D:1: 385 daAuts

Table legend:
 A = Kills in this place as a percentage of kills in entire the game.
 B = Kills by you in this place as a percentage of kills by you in the entire game.
 C = Kills by friends in this place as a percentage of kills by friends in the entire game.
 D = Other kills in this place as a percentage of other kills in the entire game.
 E = Experience gained in this place as a percentage of experience gained in the entire game.
 F = Experience gained in this place divided by the number of levels of this place that you have seen.
                   A       B       C       D       E      F
               +-------+-------+-------+-------+-------+----------------------
         Total | 100.0 | 100.0 |   N/A |   N/A | 100.0 |  13.0
       Dungeon | 100.0 | 100.0 |   N/A |   N/A | 100.0 |  13.0
               +-------+-------+-------+-------+-------+----------------------
